 Seeded DCSS version 0.30-a0-812-g95585c1 (webtiles) character file.

Game seed: 7557517153524949660 (custom seed)

557 brinewave the Trooper (level 7, -8/55 HPs)
             Began as a Mummy Reaver on Feb 26, 2023.
             Was an Initiate of Okawaru.
             Mangled by a gnoll
             ... wielding a +0 halberd
             ... led by a gnoll bouda
              (10 damage)
             ... on level 5 of the Dungeon.
             The game lasted 00:18:56 (4089 turns).

brinewave the Trooper (Mummy Reaver)                Turns: 4089, Time: 00:18:57

Health: -8/55      AC: 12    Str: 17    XL:     7   Next: 9%
Magic:  11/11      EV:  4    Int: 12    God:    Okawaru [......]
Gold:   149        SH:  0    Dex: 11    Spells: 10/11 levels left

rFire   x . .      SeeInvis .    d - +0 war axe
rCold   + . .      Faith    +    (no shield)
rNeg    + + +      Spirit   .    a - +0 chain mail
rPois   ∞          Reflect  .    j - +2 helmet
rElec   .          Harm     .    (no cloak)
rCorr   .          Rampage  .    (no gloves)
Will    .....                    (no boots) Stlth
                                 (no amulet)
HPRegen 0.29/turn                (no ring)
MPRegen 0.12/turn                (no ring)

@: held
A: cold resistance 1, negative energy resistance 3, torment resistance 2, heat
vulnerability 1, in touch with death 1, no potions, faith
a: Renounce Religion


You were on level 5 of the Dungeon.
You worshipped Okawaru.
Okawaru was noncommittal.
You visited 1 branch of the dungeon, and saw 5 of its levels.

You collected 149 gold pieces.

Inventory:

Hand Weapons
 d - a +0 war axe (weapon)
Missiles
 b - 5 silver javelins
 f - 12 stones
 n - 5 poisoned darts (quivered)
 o - a throwing net
Armour
 a - a +0 chain mail (worn)
 j - a +2 helmet (worn)
Wands
 l - a wand of polymorph (10)
Scrolls
 c - a scroll of immolation
 e - a scroll of amnesia
 g - 3 scrolls of identify
 h - a scroll of teleportation
 i - a scroll of fear
 k - a scroll of enchant weapon
 p - a scroll of magic mapping


   Skills:
 + Level 4.7 Fighting
 + Level 4.3 Axes
 + Level 3.3 Armour
 - Level 1.5 Dodging
 - Level 2.6 Spellcasting
 - Level 2.4 Conjurations


You had 10 spell levels left.
You knew the following spells:

 Your Spells              Type           Power      Damage    Failure   Level
a - Kiss of Death         Conj/Necr      24%        2d7       93%         1

Your spell library contained the following spells:

 Spells                   Type           Power      Damage    Failure   Level
 Momentum Strike          Conj/Tloc      8%         3d8       98%         2
 Hailstorm                Conj/Ice       4%         3d4       100%        3


Dungeon Overview and Level Annotations

Branches:
Dungeon (5/15)
 Temple: D:4-7

Altars:
Hepliaklqana
Makhleb
Okawaru

Shops:
D:2 *

Annotations:
D:4 Dowan, Duvessa


Innate Abilities, Weirdness & Mutations

You are immune to poison.
Your flesh is cold resistant. (rC+)
You are immune to negative energy. (rN+++)
You are immune to unholy pain and torment.
You are vulnerable to heat. (rF-)
You are in touch with the powers of death.
You do not drink.
You have a special connection with the divine. (Faith)


Message History

You hit the gnoll bouda.
The gnoll bouda is heavily wounded.
The gnoll hits you from afar with a +0 halberd.
The gnoll bouda hits you with a +0 club.
You barely miss the gnoll bouda.
The gnoll bouda is heavily wounded.
The gnoll hits you but does no damage.
The gnoll bouda hits you with a +0 club.
The gnoll hits you from afar with a +0 halberd.
You slash the gnoll bouda!
The gnoll bouda is almost dead.
The gnoll bouda mumbles some strange prayers to its god.
The gnoll bouda is healed somewhat.
The gnoll closely misses you.
The gnoll bouda hits you but does no damage.
You slash the gnoll bouda!
The gnoll bouda is almost dead.
The gnoll hits you from afar with a +0 halberd.
The gnoll bouda barely misses you.
You hit the gnoll bouda.
You kill the gnoll bouda!
Okawaru accepts your kill.
The gnoll is no longer moving quickly. x2
The gnoll hits you from afar with a +0 halberd!
You barely miss the gnoll. The gnoll hits you with a +0 club.
The gnoll hits you from afar with a +0 halberd.
* * * LOW HITPOINT WARNING * * *
The gnoll hits you from afar with a +0 spear!
* * * LOW HITPOINT WARNING * * *
The gnoll hits you but does no damage. The gnoll barely misses you.
The gnoll attacks as you move away! The gnoll hits you with a +0 club.
* * * LOW HITPOINT WARNING * * *
The gnoll attacks as you move away! The gnoll hits you but does no damage.
The gnoll throws a throwing net.
The throwing net hits you.
You become entangled in the net!
You see here a throwing net.
You struggle against the net.
You tear a large gash into the net.
The gnoll hits you with a +0 club.
* * * LOW HITPOINT WARNING * * *
The gnoll hits you from afar with a +0 halberd!
You die...

#.#.#####.#######...#.#
#.#.#.....# ..#
#.#.###.#.# >. .#
#.#.#.#.### .. #
#.....# .. ###!#.# .##
#.#.#### .. #......# .#
####.##@###.###
#.....†.gggg..#
#.....#.###(#.#
#.....#.# .# #.....#.#
.. #.....#.# #..
#.....#.# ..# #.....#.#
g.# #.....#.# g.#


You could see 4 gnolls.

Vanquished Creatures
  A black bear (D:5)
  A phantom (D:4)
  A necrophage (D:3)
  A gnoll bouda (D:5)
  Jessica (D:2)
  2 iguanas
  Natasha (thrice) (D:3)
  Robin (D:2)
  An adder (D:4)
  A gnoll (D:5)
  A white imp (D:5)
  3 worms (D:2)
  2 dart slugs
  2 orcs (D:4)
  10 ball pythons
  11 endoplasms
  A giant cockroach (D:2)
  12 goblins
  12 hobgoblins
  10 jackals
  2 quokkas
  5 bats
  8 frilled lizards (D:1)
  8 kobolds
  6 rats
106 creatures vanquished.

Vanquished Creatures (others)
  6 fungi (D:2)
  10 plants
16 creatures vanquished.

Grand Total: 122 creatures vanquished

Notes
Turn   | Place    | Note
-------+----------+-------------------------------------------
     0 | D:1      | brinewave the Mummy Reaver began the quest for the Orb.
     0 | D:1      | Reached XP level 1. HP: 16/16 MP: 4/4
   139 | D:1      | Reached XP level 2. HP: 22/22 MP: 5/5
   573 | D:1      | Reached skill level 1 in Armour
   937 | D:1      | Gained mutation: You are in touch with the powers of death.
                  | [Mummy growth]
   937 | D:1      | Reached XP level 3. HP: 23/28 MP: 7/7
  1316 | D:2      | Noticed Robin
  1423 | D:2      | Killed Robin
  1424 | D:2      | Reached XP level 4. HP: 26/34 MP: 8/8
  1501 | D:2      | Found Ruivodoce's Assorted Antiques.
  1549 | D:2      | Noticed Jessica
  1562 | D:2      | Killed Jessica
  1752 | D:2      | Found a faded altar of an unknown god.
  2226 | D:3      | Noticed a necrophage
  2244 | D:3      | Killed a necrophage
  2245 | D:3      | Reached XP level 5. HP: 31/41 MP: 9/9
  2692 | D:3      | Found an iron altar of Okawaru.
  2709 | D:3      | Became a worshipper of Warmaster Okawaru
  2747 | D:3      | Noticed Natasha
  2760 | D:3      | Killed Natasha
  2803 | D:3      | Noticed Natasha
  2815 | D:3      | Killed Natasha
  3089 | D:3      | Noticed Natasha
  3098 | D:3      | Killed Natasha
  3099 | D:3      | Reached XP level 6. HP: 35/48 MP: 10/10
  3175 | D:4      | Noticed Duvessa
  3175 | D:4      | Noticed Dowan
  3485 | D:4      | Found a burning altar of Makhleb.
  3712 | D:4      | Found a hazy altar of Hepliaklqana.
  3902 | D:5      | Entered Level 5 of the Dungeon
  4009 | D:5      | Reached XP level 7. HP: 42/55 MP: 11/11
  4089 | D:5      | HP: 2/55 [gnoll/+0 club[a gnoll bouda] (3)]
  4089 | D:5      | Mangled by a gnoll

Illustrated notes

Levels and vault maps discovered:
D:1:      nzn_arrival_depleted_hourglass, layout_loops_ring, minmay_lizard_pond
D:2:      layout_rooms, shapermc_ecumenical_altar_mp_ritualfount, serial_shops,
          shop, hangedman_decor_riveting, uniq_robin, uniq_jessica
D:3:      minmay_door_path, layout_loops_cross, general_overflow_altar,
          okawaru_gym_becter, serial_aquarium, aquarium_bridge_long_joined
          [aquarium_subvault_bridge, aquarium_subvault_wall,
          aquarium_subvault_bridge, aquarium_subvault_window,
          aquarium_subvault_bridge, aquarium_subvault_bridge],
          aquarium_bridge_straight [aquarium_subvault_bridge,
          aquarium_subvault_window, aquarium_subvault_bridge,
          aquarium_subvault_wall], aquarium_window_1, aquarium_window_2,
          aquarium_view_2a, hangedman_decor_peaks_small,
          kennysheep_generic_room_11, uniq_natasha
D:4:      layout_cave_pods, nicolae_hepliaklqana_hazy_memory,
          mainiacjoe_overflow_six_doors_small, fedhas_altar_fruit_tree,
          kennysheep_minor_cross, uniq_duvessa
D:5:      layout_basic, dk_rats_in_the_wall, uniq_menkaure

Skill      XL: |  1  2  3  4  5  6 |
---------------+-------------------+-----
Armour         | 1 2 3 |  3.3
Axes           | 3 4 |  4.3
Fighting       | 3 4 |  4.7
Dodging        | |  1.5
Spellcasting   | |  2.6
Conjurations   | |  2.4

Action                     |  1- 3 |  4- 6 |  7- 9 || total
---------------------------+-------+-------+-------++-------
  Melee: Hand axe          |    36 |       |       ||    36
         War axe           |   115 |   179 |    14 ||   308
         Punch             |       |     3 |       ||     3
  Throw: Dart              |       |    12 |     1 ||    13
    Use: Scroll            |     1 |     9 |       ||    10
 Armour: Leather armour    |    26 |       |       ||    26
         Chain mail        |    34 |   106 |     9 ||   149
  Dodge: Dodged            |    81 |    86 |     6 ||   173

Table legend: (Time is in decaauts)
 A = Elapsed time spent in this place.
 B = Non-inter-level travel time spent in this place.
 C = Inter-level travel time spent in this place.
 D = Time resting spent in this place.
 E = Time spent auto-exploring this place.
 F = Levels seen in this place.
 G = Mean time per level.
                   A        B        C        D        E       F      G
               +--------+--------+--------+--------+--------+-----+--------+
         Total |   4196 |   4032 |    164 |    460 |   2263 |   5 |  839.2 |
       Dungeon |   4196 |   4032 |    164 |    460 |   2263 |   5 |  839.2 |
               +--------+--------+--------+--------+--------+-----+--------+

Top non-repeatable levels by time:
     D:3: 1242 daAuts
     D:1: 1188 daAuts
     D:2: 855 daAuts
     D:4: 714 daAuts
     D:5: 195 daAuts
